[Event "*** Titled Tuesday 3|2 Blitz"]
[Site "Chess.com"]
[Date "2016.10.04"]
[Round "9"]
[White "brightthunder"]
[Black "MFBerna"]
[Result "1-0"]
[WhiteElo "2318"]
[BlackElo "2179"]
[TimeControl "180+2"]
[EndTime "19:05:11 PDT"]
[Termination "brightthunder won on time"]

1. e4 e5 2. Nf3 Nc6 3. Bb5 a6 4.
Ba4 Nf6 5. O-O Be7 6. Re1 b5 7. Bb3 O-O 8. h3 d6 9. c3 Na5 10. Bc2 c5 11. d4 Qc7 12. d5 c4 13. b4 cxb3 14. axb3 Nb7 15. b4 Bd7 16. Bd3 Rfb8 17. Na3 Nd8 18. Bd2 a5 19. Qe2 Qb6 20. Reb1 axb4 21. cxb4 Ne8 22. Be3 Qb7 23. Nd2 Nc7 24.
Nb3 Qc8 25. Rc1 Qb7 26. Na5 Qc8 27. Rab1 Nb7 28. Bb6 Bd8 29. Nxb5 Bxb5 30. Bxb5 f5 31. Bd3 Nxa5 32. bxa5 f4 33. Rc6 Qd7 34. Rbc1 Ne8 35.
Bb5 Qe7 36. Bxd8 Qxd8 37. a6 Nf6 38. Bd3 Ra7 39. Qc2 1-0

[Event "*** Titled Tuesday 3|2 Blitz"]
[Site "Chess.com"]
[Date "2016.10.04"]
[Round "9"]
[White "MattyDPerrine"]
[Black "GulamaliRises"]
[Result "0-1"]
[WhiteElo "2246"]
[BlackElo "2474"]
[TimeControl "180+2"]
[EndTime "19:05:24 PDT"]
[Termination "GulamaliRises won by resignation"]

1. d4 e6 2. Nf3 c5 3. c4 cxd4 4. Nxd4 a6 5. g3 Nc6 6. Bg2 Bb4+ 7. Nc3 Nf6 8. O-O O-O 9. Ne4 Be7 10. Nxc6 dxc6 11. Bf4 Qb6 12. Qc2 c5 13. Nc3 Bd7 14. e4 Bc6 15. e5 Nd7 16. Rfd1 g5 17. Bxc6 Qxc6 18. Qe4 Rfd8 19. Qxc6 bxc6 20. Be3 Nxe5 21. b3 Nd3 22. Rd2 Bf6 23. Rad1 Bxc3 24. Rxd3 Bd4 25. Bxg5 f6 26. Be3 e5 27. Kg2 a5 28. a4 Kf7 29.
g4 h5 30. h3 Ke6 31. Kf3 f5 32. gxf5+ Kxf5 33. Ke2 Rab8 34. Bxd4 cxd4 35. Rf3+ Ke6 36. Rg1 Rg8 37. Rfg3 Rxg3 38. Rxg3 e4 39. Rg6+ Kf5 40. Rxc6 Rxb3 41. Rd6 Rb2+ 42. Ke1 d3 43. Rd5+ Kf4 44.
Rxa5 Re2+ 45. Kf1 Rc2 46. Rxh5 Rc1+ 47. Kg2 d2 48. Rd5 d1=Q 49. Rxd1 Rxd1 0-1

[Event "*** Titled Tuesday 3|2 Blitz"]
[Site "Chess.com"]
[Date "2016.10.04"]
[Round "9"]
[White "nonscitis"]
[Black "AdrianaNikolova"]
[Result "0-1"]
[WhiteElo "2295"]
[BlackElo "2254"]
[TimeControl "180+2"]
[EndTime "19:05:52 PDT"]
[Termination "AdrianaNikolova won by resignation"]

1. d4 d5 2. c4 c6 3. Nc3 Nf6 4.
Nf3 dxc4 5. a4 Bf5 6. e3 e6 7. Bxc4 Bb4 8. O-O Nbd7 9. Bd3 Bg4 10. h3 Bh5 11. e4 e5 12. Bg5 Bxf3 13. Qxf3 exd4 14.
e5 Nxe5 15. Rfe1 dxc3 16. Rxe5+ Kf8 17. Rb1 h6 18. bxc3 Bxc3 19. Bxf6 Qxf6 20. Qxf6 gxf6 21.
Rc5 Bd4 22. Rc4 c5 23. Rxb7 Kg7 24. a5 Rhe8 25. Rc1 Rab8 26. a6 Rxb7 27. axb7 a5 28.
Kf1 a4 29. Bf5 Rb8 30. Bc8 a3 31. Rc2 Bb2 32. Rxc5 a2 33. Ra5 a1=Q+ 34. Rxa1 Bxa1 35. Ke2 Be5 36. Kf3 Kf8 37. Kg4 Ke7 38. f4 Bd6 39. g3 Bc5 40. Kh5 Bf2 41. Kg4 Be1 42. Kf3 Kd8 43.
Kg4 Rxc8 44. bxc8=Q+ Kxc8 45. Kf5 Bc3 46. g4 Kd7 47. h4 Ke7 48. g5 fxg5 49. fxg5 hxg5 50. hxg5 Kf8 51. g6 f6 0-1

[Event "*** Titled Tuesday 3|2 Blitz"]
[Site "Chess.com"]
[Date "2016.10.04"]
[Round "9"]
[White "hardingstoptry"]
[Black "3ptdka"]
[Result "1-0"]
[WhiteElo "2475"]
[BlackElo "2095"]
[TimeControl "180+2"]
[EndTime "19:05:59 PDT"]
[Termination "hardingstoptry won by resignation"]

1. Nf3 Nf6 2. g3 b6 3. Bg2 Bb7 4. b3 e6 5. Bb2 Be7 6. d3 O-O 7.
O-O d6 8. Nbd2 Nbd7 9. c4 a5 10. Rc1 a4 11. b4 a3 12. Bc3 e5 13. Re1 Qb8 14. e3 Re8 15. Qc2 Bf8 16. d4 Ra7 17. d5 Bc8 18. e4 g6 19. h4 h5 20. Nf1 Bh6 21. Ne3 Ng4 22. Bd2 Nxe3 23. Bxe3 Bxe3 24. Rxe3 Nf6 25. Ng5 Ng4 26. Rc3 Bd7 27. f3 Nf6 28. Qd3 Ra4 29. Qc2 Rxb4 30. Rxa3 Qb7 31. Rb3 Ra4 32.
c5 dxc5 33. Qxc5 Ra7 34. Qc3 Qa6 35. a3 Ba4 36. Rb4 Nd7 37. Rc4 Nc5 38. f4 Bb5 39.
fxe5 Bxc4 40. e6 Nxe6 41. Nxe6 Rxe6 42. dxe6 Bxe6 43. Rd1 Ra8 44. Bf1 Qxa3 45. Rd8+ Rxd8 46. Qxa3 Rd4 47. Qa8+ Kg7 48. Qb7 c5 49. Qxb6 Rxe4 50. Qxc5 Rg4 51. Kf2 Kh7 52. Be2 Ra4 53. Bxh5 Ra2+ 54.
Kf3 gxh5 55. Qxh5+ Kg7 56. Qe5+ Kh7 57. Qh5+ Kg7 58.
Qe5+ Kh7 59. Qd4 Ra3+ 60. Kf4 Ra5 61. g4 Rd5 62. Qc3 Rb5 63. Qd3+ 1-0

[Event "*** Titled Tuesday 3|2 Blitz"]
[Site "Chess.com"]
[Date "2016.10.04"]
[Round "9"]
[White "Joshukid"]
[Black "AllStarShark"]
[Result "0-1"]
[WhiteElo "2350"]
[BlackElo "2298"]
[TimeControl "180+2"]
[EndTime "19:06:19 PDT"]
[Termination "AllStarShark won by resignation"]

1. d4 d5 2. c4 dxc4 3. e3 e5 4.
Bxc4 exd4 5. exd4 Bd6 6. Nf3 Nf6 7. O-O O-O 8. h3 h6 9. Nc3 Nc6 10. a3 Bf5 11. Be3 a6 12. b4 Re8 13. Rc1 Qd7 14.
Bb3 Ne4 15. Nxe4 Bxe4 16. d5 Ne5 17. Nxe5 Rxe5 18. Bf4 Re7 19. Bxd6 Qxd6 20. Qd4 Rae8 21. Rfe1 Qg6 22. g3 Bf5 23. Rxe7 Rxe7 24. Kh2 Qd6 25. Qc5 Qf6 26. Qc3 Qxc3 27. Rxc3 Kf8 28. Bc2 Bxc2 29. Rxc2 Rd7 30. Kg2 Ke7 31. Kf3 Kd6 32. Rd2 Re7 33. Rd3 Re5 34. g4 Rxd5 35. Rc3 c6 36. Ke4 g6 37. f4 h5 38. f5 hxg4 39. hxg4 c5 40. bxc5+ Rxc5 41. Rxc5 Kxc5 42. Ke5 b5 43. Kf6 gxf5 44.
gxf5 a5 45. Kxf7 b4 46. axb4+ axb4 47. f6 b3 48. Ke8 b2 49. f7 b1=Q 50. f8=Q+ Kc6 51.
Qf6+ Kc5 52. Qe7+ Kd5 53. Qd7+ Kc5 54. Qc7+ Kd5 55. Kd8 Qg6 56. Qa5+ Ke4 57. Qa8+ Kf4 58. Qb8+ Kg5 59. Qg3+ Kf5 60. Qd3+ Kf6 61. Qd4+ Kf7 62.
Qd7+ Kf8 63. Qe7+ Kg8 64. Qe5 Qb6+ 65. Ke7 Qb7+ 66. Kf6 Qg7+ 67. Kf5 Qf7+ 68. Kg5 Kh7 69. Qh2+ Kg8 70. Qb8+ Kh7 71. Qb1+ Kg8 72. Kh6 Qf4+ 73.
Kh5 Qh2+ 74. Kg5 Qg3+ 75. Kh6 Qh4+ 76. Kg6 Qh7+ 0-1

[Event "*** Titled Tuesday 3|2 Blitz"]
[Site "Chess.com"]
[Date "2016.10.04"]
[Round "9"]
[White "Noukii"]
[Black "psv98"]
[Result "1-0"]
[WhiteElo "2603"]
[BlackElo "2594"]
[TimeControl "180+2"]
[EndTime "19:06:22 PDT"]
[Termination "Noukii won by checkmate"]

1. d4 Nf6 2. c4 d6 3. Nc3 g6 4.
Nf3 Bg7 5. e4 O-O 6. Be2 Bg4 7.
Be3 Nfd7 8. Ng1 Bxe2 9. Ngxe2 c5 10. O-O cxd4 11. Nxd4 Nc6 12. Qd2 Qa5 13. Rfd1 Rfc8 14. Rac1 Nxd4 15. Bxd4 Rxc4 16. Bxg7 Kxg7 17. b3 Rcc8 18.
Qb2 Qe5 19. g3 Rc6 20. f4 Qf6 21. e5 dxe5 22. Rxd7 e4 23. g4 Kg8 24. Qd2 Rac8 25. g5 Qe6 26. Rd8+ Rxd8 27. Qxd8+ Kg7 28. Qd4+ f6 29. Qe3 h6 30. gxh6+ Kh7 31. Ne2 Qg4+ 32.
Ng3 Rxc1+ 33. Qxc1 f5 34. Kf2 Kxh6 35. Qd2 Qh3 36. Kg1 Kg7 37. Qd4+ Kf8 38. Qxa7 Qg4 39. Qe3 Qd1+ 40. Kg2 Qc2+ 41. Qf2 Qc6 42. Ne2 Kf7 43. Qe3 Kf6 44. Kg3 Kf7 45. Qc3 Qd6 46. Qd4 Qb8 47.
a4 g5 48. Qe5 gxf4+ 49. Kxf4 Qg8 50. Qxf5+ Ke8 51. Qxe4 Kf7 52. Ng3 Ke8 53. Qxb7 Qf7+ 54. Ke3 Qe6+ 55. Ne4 Qh3+ 56. Kd4 Qh8+ 57. Kc4 Qe5 58. Qd5 Qc7+ 59. Nc5 Qf4+ 60. Kb5 Qxh2 61. Qg8# 1-0

[Event "*** Titled Tuesday 3|2 Blitz"]
[Site "Chess.com"]
[Date "2016.10.04"]
[Round "9"]
[White "Paralinch"]
[Black "daro94"]
[Result "0-1"]
[WhiteElo "2613"]
[BlackElo "2696"]
[TimeControl "180+2"]
[EndTime "19:06:28 PDT"]
[Termination "daro94 won by resignation"]

1. e4 e5 2. Nf3 Nc6 3. Nc3 Nf6 4. a3 d5 5. Bb5 d4 6. Ne2 Bd6 7. Ng3 O-O 8. d3 Na5 9. Ba4 a6 10. c4 c5 11. O-O Rb8 12. Bc2 b5 13. b3 Nc6 14. Bg5 Be7 15. h3 Ne8 16. Bd2 Nd6 17. Rb1 Bd7 18. Qe2 Qc7 19. Rfc1 bxc4 20. dxc4 a5 21. Ne1 a4 22. b4 Be6 23. Bxa4 Ra8 24. Bxc6 Qxc6 25. b5 Qc7 26. Nf5 Nxf5 27. exf5 Bxf5 28.
Ra1 Ra4 29. Nd3 Bd6 30. Nb2 Raa8 31. a4 e4 32. a5 Rfe8 33. Be1 e3 34. f3 Bh2+ 35.
Kh1 Bf4 36. Rd1 Re6 37. Nd3 Bd6 38. g4 Bg6 39. a6 f5 40. Rab1 Qb6 41. Ra1 fxg4 42.
hxg4 Rf6 43. Qg2 Raf8 44. a7 Qb7 45. Bg3 Bxg3 46. Nxc5 Qa8 47. b6 Rxb6 48. Qxg3 Rxf3 49. Qg2 Rb2 50. Nb7 Rxg2 51. Kxg2 Rf2+ 52. Kg3 Be4 53.
Rdb1 Rf3+ 54. Kh4 Bxb7 55. Rxb7 Qxb7 56. a8=Q+ Qxa8 57. Rxa8+ Rf8 58. Ra1 e2 59. Kg3 d3 60.
Re1 d2 61. Rxe2 d1=Q 0-1

[Event "*** Titled Tuesday 3|2 Blitz"]
[Site "Chess.com"]
[Date "2016.10.04"]
[Round "9"]
[White "cheese111"]
[Black "Kawhi_Leonard2"]
[Result "0-1"]
[WhiteElo "2257"]
[BlackElo "2040"]
[TimeControl "180+2"]
[EndTime "19:06:59 PDT"]
[Termination "Kawhi_Leonard2 won by resignation"]

1. e4 c5 2. Nf3 d6 3. Bb5+ Bd7 4.
Bxd7+ Qxd7 5. c4 Nc6 6. d4 cxd4 7. Nxd4 g6 8. O-O Bg7 9. Ne2 Nf6 10. Nbc3 O-O 11. f3 e6 12. Bg5 Rac8 13. b3 h6 14. Bh4 Rfd8 15. Rc1 g5 16. Bf2 d5 17. cxd5 exd5 18. Qc2 dxe4 19. Nxe4 Nb4 20. Nxf6+ Bxf6 21. Qe4 Nd3 22. Rcd1 Nxf2 23. Kxf2 Qe7 24. Qxe7 Bxe7 25. Rxd8+ Rxd8 26. Rc1 Rd2 27. Rc7 Kf8 28. Rxb7 Rxa2 29. Ke3 Bc5+ 30. Kd3 Bb6 31. g4 Rb2 32. Nd4 Bxd4 33.
Kxd4 a5 34. Ra7 Rxb3 35. Ke4 Rb5 36. Ke3 Ke8 37. Kf2 Kf8 38. Kg3 Kg7 39. h4 Kf6 40.
Ra6+ Kg7 41. hxg5 hxg5 42. f4 gxf4+ 43. Kxf4 Kf8 44. Ra7 Ke8 45. Kf3 Kf8 46. Kf4 Kg7 47. Ra6 f6 48. Kf3 Kg6 49. Kf4 Rb4+ 50. Kf3 a4 51.
Ra5 Rb3+ 52. Kg2 a3 53. Kf2 Rb2+ 54. Kg3 a2 55. Kf3 Kf7 56. Ra6 Ke7 57. Kf4 Kd7 58.
Kf5 Rf2+ 59. Kg6 Kc7 60. Ra5 Kb6 61. Ra8 Kb5 62. Ra7 Kb4 63. Rxa2 Rxa2 64. Kxf6 Rf2+ 65.
Kg6 Kc5 66. g5 Kd6 67. Kh7 Rh2+ 68. Kg7 Ke7 69. g6 Rg2 70. Kh7 Kf6 71. g7 Rxg7+ 72.
Kh8 Rg6 0-1

[Event "*** Titled Tuesday 3|2 Blitz"]
[Site "Chess.com"]
[Date "2016.10.04"]
[Round "9"]
[White "Schwarzschidl"]
[Black "johnathan113"]
[Result "1-0"]
[WhiteElo "2351"]
[BlackElo "2295"]
[TimeControl "180+2"]
[EndTime "19:07:13 PDT"]
[Termination "Schwarzschidl won by checkmate"]

1. e4 g6 2. d4 Nf6 3. f3 d6 4. c4 Bg7 5. Nc3 O-O 6. Be3 Nc6 7.
Nge2 a6 8. Qd2 Rb8 9. O-O-O b5 10. g4 Na5 11. cxb5 Nc4 12. Qd3 Nxe3 13. Qxe3 axb5 14. h4 h5 15. gxh5 Nxh5 16. Rg1 b4 17. Nd5 Kh7 18. Kb1 Bh6 19. Qd3 c6 20. Ne3 Qa5 21. Ng4 Bg7 22. Nc1 Ra8 23. Qd2 Be6 24. b3 c5 25. d5 Bd7 26. f4 Bxg4 27. Rxg4 Nf6 28. Qg2 Qa3 29. Rd2 Nxg4 30. Qxg4 c4 31. Bxc4 Rfc8 32.
h5 Rxc4 33. hxg6+ fxg6 34. Rh2+ Kg8 35. bxc4 Qc3 36. Qe6+ Kf8 37. e5 Rd8 38. Rc2 Qd4 39.
Ne2 Qd1+ 40. Nc1 b3 41. axb3 Ra8 42. Qxg6 Qd4 43. Rg2 Ra1+ 44. Kc2 Rxc1+ 45. Kxc1 Qxf4+ 46. Kc2 Qxe5 47. Rf2+ Bf6 48. Rg2 Qb2+ 49. Kd3 Qxb3+ 50. Kd2 Qb2+ 51. Qc2 Qd4+ 52. Ke2 Qe5+ 53. Kf3 Qh5+ 54.
Rg4 Qh3+ 55. Rg3 Qf1+ 56. Kg4 Kg7 57. Qe4 Qd1+ 58. Kf5+ Kf8 59. Ke6 Qh5 60. Qg6 Qe5+ 61. Kd7 Bg7 62. Rf3+ Bf6 63. Rh3 Qa1 64. Rh7 Qa7+ 65.
Ke6 Bg7 66. Qxg7+ Ke8 67. Qg8# 1-0

[Event "*** Titled Tuesday 3|2 Blitz"]
[Site "Chess.com"]
[Date "2016.10.04"]
[Round "9"]
[White "NTBT_DHS"]
[Black "michaelq2d5"]
[Result "1/2-1/2"]
[WhiteElo "2465"]
[BlackElo "2521"]
[TimeControl "180+2"]
[EndTime "19:07:41 PDT"]
[Termination "Game drawn by repetition"]

1. d4 Nf6 2. c4 e6 3. Nc3 Bb4 4. e3 O-O 5. Ne2 d5 6. a3 Be7 7. cxd5 exd5 8. Nf4 c6 9. Bd3 Nbd7 10. O-O Re8 11. b4 a6 12. h3 Nf8 13. Bd2 Bd6 14. Nce2 Ne4 15. Be1 Ng6 16. f3 Nf6 17. Bf2 Qc7 18.
Nxg6 hxg6 19. f4 Ne4 20. Be1 g5 21. a4 g4 22. Bxe4 Rxe4 23. Qd3 gxh3 24. Ng3 Re7 25. Ra2 Bd7 26. Kh2 Rae8 27. Bf2 Bxb4 28. gxh3 Qd6 29. Bg1 Qh6 30. Nf5 Bxf5 31. Qxf5 g6 32. Rg2 Kf8 33. Qb1 a5 34. Rf3 Re4 35. Bf2 Qh5 36. Rg4 R8e7 37. Qh1 Kg7 38. Qg2 Bd2 39. Rg5 Qh6 40. f5 Re8 41.
fxg6 fxg6 42. Rxg6+ Qxg6 43. Rg3 R8e6 44. Rxg6+ Rxg6 45. Qf3 Rf6 46. Qg3+ Kh6 47. Bg1 Rg6 48. Qb8 Bxe3 49. Qh8+ Kg5 50. Qd8+ Kh6 51. Qf8+ Kh7 52. Qf7+ Rg7 53. Qf5+ Kg8 54. Qc8+ Kh7 55. Qf5+ Kh8 56. Bxe3 Rxe3 57. Qh5+ Kg8 58. Qf5 Re2+ 59. Kh1 Re1+ 60.
Kh2 Reg1 61. h4 R1g2+ 62. Kh1 Rg1+ 63. Kh2 R7g2+ 64. Kh3 Rg3+ 65. Kh2 R1g2+ 66. Kh1 Rg1+ 67. Kh2 R3g2+ 68. Kh3 Rb2 69. Qe6+ Kf8 70. Qe3 Rgb1 71. Qf4+ Ke7 72. Qe5+ Kd7 73. h5 Rh1+ 74. Kg3 Rbh2 75. Qg7+ Kc8 76. Qf8+ Kc7 77. Qe7+ Kb6 78. Qd8+ Ka6 79.
Qa8+ Kb6 80. Qd8+ Ka6 81. Qa8+ Kb6 82. Qd8+ Ka6 83. Qa8+ Kb6 84. Qd8+ Ka6 85. Qa8+ Kb6 86. Qd8+ 1/2-1/2

[Event "*** Titled Tuesday 3|2 Blitz"]
[Site "Chess.com"]
[Date "2016.10.04"]
[Round "9"]
[White "Shivagami"]
[Black "gmshanmeruga"]
[Result "1-0"]
[WhiteElo "2040"]
[BlackElo "2294"]
[TimeControl "180+2"]
[EndTime "19:07:45 PDT"]
[Termination "Shivagami won by checkmate"]

1. Nc3 d5 2. e4 d4 3. Nce2 c5 4. Ng3 Nc6 5. Nf3 Bg4 6. h3 Bxf3 7.
Qxf3 e5 8. Bc4 f6 9. Nf5 Nge7 10. Ng3 a6 11. a4 Qd7 12. c3 Rd8 13. Nh5 Ng6 14.
d3 Bd6 15. Bh6 Bf8 16. O-O Qe7 17. Qf5 Nh4 18. Qg4 g5 19. Nxf6+ Qxf6 20. Bxg5 Qg6 21.
Qxh4 Be7 22. Bxe7 Nxe7 23. f4 Kd7 24. f5 Qe8 25. Be6+ Kc7 26. Qg3 Nc6 27. Bd5 h5 28. f6 h4 29. Qg5 Rh5 30. Qg4 Rh7 31. f7 Qe7 32. Qf5 Rhh8 33. Qe6 Qxe6 34. Bxe6 Kd6 35.
Bd5 Ke7 36. Rf5 Rdf8 37. Raf1 Rh7 38. Bxc6 bxc6 39. Rxe5+ Kd6 40. Ref5 Ke7 41. Rxc5 Rhxf7 42. Rxf7+ Kxf7 43. Rxc6 Rb8 44. cxd4 Rxb2 45. Rxa6 Rd2 46. Rd6 Rxd3 47. e5 Ke7 48. Kf2 Ra3 49. Ra6 Rd3 50.
Rd6 Ra3 51. a5 Rxa5 52. Kf3 Ra3+ 53. Kg4 Rg3+ 54. Kxh4 Rxg2 55. Kh5 Rg8 56. d5 Rg3 57. h4 Re3 58. Re6+ Kf7 59. Rf6+ Kg7 60. Kg5 Rxe5+ 61.
Rf5 Re1 62. h5 Rg1+ 63. Kf4 Rf1+ 64. Ke5 Re1+ 65. Kd6 Re2 66. Kd7 Ra2 67. d6 Ra7+ 68. Kc8 Ra8+ 69. Kb7 Ra1 70. d7 Rb1+ 71. Kc6 Rc1+ 72.
Rc5 Rd1 73. Kc7 Kh6 74. d8=Q Rd7+ 75. Kxd7 Kg7 76. Qe7+ Kh8 77. Rc8# 1-0

[Event "*** Titled Tuesday 3|2 Blitz"]
[Site "Chess.com"]
[Date "2016.10.04"]
[Round "9"]
[White "Tarlev_Konstantin"]
[Black "dretch"]
[Result "1/2-1/2"]
[WhiteElo "2597"]
[BlackElo "2662"]
[TimeControl "180+2"]
[EndTime "19:08:11 PDT"]
[Termination "Game drawn by agreement"]

1. c4 c6 2. d4 d5 3. Nf3 Nf6 4. e3 Bg4 5. h3 Bxf3 6. Qxf3 Nbd7 7.
Nc3 e6 8. Bd3 Bb4 9. O-O O-O 10.
Rd1 Qe7 11. cxd5 exd5 12. Bd2 Rfe8 13. a3 Bxc3 14. Bxc3 Ne4 15. Bb4 Qh4 16. Be1 Ndf6 17. Bf1 Ng5 18. Qf5 Qh6 19. Qc2 Nge4 20. b4 Rac8 21.
a4 b6 22. Rac1 Qg5 23. b5 c5 24. dxc5 bxc5 25. a5 Rb8 26. f3 Qxe3+ 27. Kh1 Nd6 28.
Qxc5 Qf4 29. Qxa7 Nxb5 30. Bxb5 Rxb5 31. Qf2 Qd6 32. Ra1 Ra8 33. Qe2 Qa6 34. Qd3 h6 35. Rab1 Rab8 36. Rxb5 Rxb5 37. Qc2 Qb7 38. Rc1 d4 39.
Qc8+ Qxc8 40. Rxc8+ Kh7 41. Kh2 Rb1 42. Bf2 Ra1 43. Rc5 d3 44. Be3 Re1 45. Bc1 Nd7 46. Rc3 Nb8 47. Bd2 Ra1 48. Rxd3 Nc6 49. Rd5 Ra2 50. Rc5 Rxd2 51. Rxc6 Ra2 52. a6 g5 53. Kg3 Kg7 54. Rb6 Ra3 55. Kg4 Ra4+ 56. Kg3 Ra2 57. Rd6 h5 58. h4 f6 59. hxg5 fxg5 60. Rb6 Kf7 61. Kh3 Kg7 62. Rb7+ Kf6 63. a7 Kf5 64. Kh2 h4 65. Rh7 Kg6 66. Rb7 Kf6 67. Kg1 Kg6 68.
Kf1 Kf5 69. Ke1 Kf4 70. Rg7 Ke3 71. Kd1 Kf2 72. Rxg5 Rxa7 73. f4 Rf7 74. f5 Ke3 75.
Rh5 Kf4 76. Rxh4+ Kxf5 77. Ke2 Kg5 78. Re4 Rf8 79. Re3 Rf7 80. Rg3+ Kh6 81. Rf3 Re7+ 82. Kf2 Rb7 83. Kg3 Kg6 84. Kh4 Rb4+ 85. g4 Rb1 86.
Ra3 Rh1+ 87. Kg3 Rg1+ 88. Kh3 Rh1+ 89. Kg2 Rb1 1/2-1/2

[Event "*** Titled Tuesday 3|2 Blitz"]
[Site "Chess.com"]
[Date "2016.10.04"]
[Round "9"]
[White "agser"]
[Black "theprosecution1"]
[Result "1-0"]
[WhiteElo "2528"]
[BlackElo "2481"]
[TimeControl "180+2"]
[EndTime "19:08:34 PDT"]
[Termination "agser won by resignation"]

1. Nf3 Nf6 2. c4 c5 3. Nc3 e6 4.
g3 b6 5. Bg2 Bb7 6. O-O Be7 7.
d4 cxd4 8. Qxd4 Nc6 9. Qf4 O-O 10. Rd1 d6 11. Ng5 a6 12. Be3 h6 13. Nge4 Nxe4 14. Bxe4 Qc7 15. Rac1 Ne5 16. Bxb7 Qxb7 17. Bd4 Bg5 18. Qe4 Qxe4 19. Nxe4 Bxc1 20. Rxc1 Nxc4 21. Rxc4 d5 22. Rb4 dxe4 23. Bxb6 Rab8 24. a4 f5 25. a5 e5 26. h4 Rfc8 27. h5 Rc2 28. e3 Kf7 29. g4 g6 30. Kg2 fxg4 31. Rxe4 gxh5 32.
Rxe5 Kg6 33. Re6+ Kf5 34. Rxh6 Kg5 35. Rd6 Rf8 36. Bd8+ Kf5 37. Bh4 Rxb2 38. Rxa6 Ra2 39.
Rh6 Ke4 40. Rxh5 Rf5 41. Rh8 Raxa5 42. Rg8 Ra2 43. Rxg4+ Kd3 44. Bg3 Rf7 45. Rd4+ Ke2 46. Rd8 Re7 47. Rd5 Ke1 48. Kf3 Rf7+ 49. Kg4 Ke2 50.
e4 Ra4 51. Re5 Kd3 52. f3 Ke3 53. Bh4 Rxf3 54. Bg5+ Ke2 55. Re8 Rf7 56. Kh5 Kd3 57. e5 Re4 58. e6 Rf5 59. e7 Ke2 60. Kg6 Rfe5 61. Bf6 Rc5 62. Rf8 Kd3 63. e8=Q Rxe8 64. Rxe8 Kc4 65. Rd8 Rc6 66. Kf5 Rc7 67. Ke4 Rh7 68. Be5 Kb5 69. Kd5 Rh5 70. Rb8+ Ka5 71. Kd4 Ka6 72. Bd6 Rb5 73. Rh8 Kb7 74. Bc5 Kc6 75. Rh6+ Kd7 76. Kd5 Rb1 77. Rh7+ Kd8 78. Bd6 Rd1+ 79. Ke6 Re1+ 80. Be5 Kc8 81. Rc7+ Kd8 82. Rc2 Re3 83. Rb2 1-0

[Event "*** Titled Tuesday 3|2 Blitz"]
[Site "Chess.com"]
[Date "2016.10.04"]
[Round "9"]
[White "iturrizaga"]
[Black "BillieKimbah"]
[Result "0-1"]
[WhiteElo "2601"]
[BlackElo "2571"]
[TimeControl "180+2"]
[EndTime "19:09:04 PDT"]
[Termination "BillieKimbah won on time"]

1. Nf3 Nf6 2. c4 e6 3. Nc3 d5 4. d4 Bb4 5. Bg5 dxc4 6. e4 b5 7. e5 h6 8. Bh4 g5 9. Bg3 Ne4 10. Qc2 Bb7 11. a3 Bxc3+ 12. bxc3 Nd7 13. Be2 Nb6 14.
O-O h5 15. h4 g4 16. Nd2 Qd5 17. Nxe4 Qxe4 18. Qxe4 Bxe4 19. f3 gxf3 20. gxf3 Bf5 21. Kf2 Kd7 22. Bf4 Rhg8 23. Bg5 Nd5 24. Rac1 c5 25. dxc5 Kc6 26. f4 Bg6 27. f5 Bxf5 28.
Bxh5 Bg6 29. Bf3 Kxc5 30. Rg1 a5 31. h5 Bd3 32. h6 b4 33. axb4+ axb4 34. cxb4+ Kxb4 35. Rg4 Kb3 36. Rg3 Kb2 37. Rcg1 Bh7 38. Bc1+ Kc2 39.
Rg7 Rxg7 40. Rxg7 Kxc1 41. Rxh7 c3 42. Rg7 c2 43. h7 Kd2 44. Bxd5 exd5 45. Rg8 c1=Q 46.
h8=Q Qe1+ 47. Kf3 Ra3+ 48. Kf4 Qe4+ 49. Kg5 Rg3+ 50. Kf6 Qf4+ 51. Ke7 Rxg8 52. Qxg8 Qxe5+ 53. Kd7 d4 54. Qxf7 d3 55. Qf2+ Qe2 56. Qf4+ Qe3 57. Qa4 Ke2 58. Qc4 Qh3+ 59. Kd6 Qf3 60. Ke5 Ke3 61.
Qd4+ Ke2 62. Qc4 Qe3+ 63. Kf5 Ke1 64. Qb4+ d2 65. Kg4 Kf1 66. Qb1+ Qe1 67. Qf5+ Qf2 68. Qb1+ Kg2 69. Qe4+ Kg1 70. Qb1+ Qf1 71. Qb6+ Qf2 72.
Qb1+ Kh2 73. Qb8+ Kg2 74. Qb7+ Kf1 75. Qb1+ Ke2 76. Qb5+ Ke1 77. Qb4 Qe3 78. Qa5 Ke2 79. Qb5+ Kf2 80. Qf5+ Ke1 81. Qa5 Kf1 82. Qf5+ Kg1 83.
Qb1+ Kg2 84. Qb7+ Kf2 85. Qb2 Qe2+ 0-1